 Dungeon Crawl Stone Soup version 0.24.0-28-g17ded55e90 (webtiles) character file.

Game seed: 3987984990741212009, levelgen mode: deterministic

1917 Delamore the Cleaver (level 9, -10/105 HPs)
             Began as a Hill Orc Fighter on Nov 11, 2019.
             Mangled by an ogre
             ... wielding a +0 giant spiked club
              (22 damage)
             ... on level 6 of the Dungeon.
             The game lasted 00:08:16 (6687 turns).

Delamore the Cleaver (Hill Orc Fighter)             Turns: 6687, Time: 00:08:16

Health: -10/105    AC: 24    Str: 22    XL:     9   Next: 16%
Magic:  9/9        EV:  2    Int:  8    God:
Gold:   357        SH: 10    Dex: 15    Spells: 8/8 levels left

rFire    . . .     SeeInvis .   a - +0 war axe
rCold    . . .     Gourm    .   c - +0 shield
rNeg     + + +     Faith    .   (armour currently unavailable)
rPois    +         Spirit   .   (helmet currently unavailable)
rElec    .         Reflect  .   (cloak currently unavailable)
rCorr    .         Harm     .   (gloves currently unavailable)
MR       .....     NoTele   +   (boots currently unavailable)
Stlth    ++........             A - amulet of magic regeneration
HPRegen  0.27/turn              (no ring)
MPRegen  0.36/turn              (no ring)

@: agile, lethally poisoned (-10 -> -10), tree-form
A: no striking features
a: no special abilities


You were on level 6 of the Dungeon.
You were not hungry.
You were a tree.
You visited 1 branch of the dungeon, and saw 6 of its levels.

You collected 357 gold pieces.

Inventory:

Hand Weapons
 a - a +0 war axe (weapon)
Armour
 b - a +0 scale mail
 c - a +0 shield (worn)
 m - a +0 helmet (melded)
 y - a +0 plate armour (melded)
Jewellery
 A - an amulet of magic regeneration (around neck)
Wands
 q - a wand of iceblast (11)
 x - a wand of enslavement (9)
 B - a wand of disintegration (17)
Scrolls
 g - 2 scrolls of teleportation
 i - a scroll of identify
 j - a scroll of remove curse
 n - a scroll of amnesia
 p - a scroll of random uselessness
 s - a scroll of enchant armour
 t - 2 scrolls of fear
Potions
 d - 2 potions of might
 e - a potion of agility
 h - a potion of flight {unknown}
 k - a potion of degeneration {unknown}
 l - a potion of ambrosia {unknown}
 o - 3 potions of lignification
 r - 3 potions of curing {unknown}
 u - a potion of brilliance {unknown}
 v - a potion of heal wounds {unknown}
 w - a potion of cancellation {unknown}
 C - a potion of invisibility {unknown}
Miscellaneous
 z - a phantom mirror
Comestibles
 f - 13 rations
 D - 6 chunks of flesh


   Skills:
 - Level 3.6 Fighting
 + Level 14.5 Axes
 - Level 3.2 Armour
 - Level 3.2 Shields


You had 8 spell levels left.
You didn't know any spells.
Your spell library was empty.

Dungeon Overview and Level Annotations

Branches:
Dungeon (6/15)
 Temple: D:4-7

Altars:
Ashenzari
Ru

Shops:
D:4 :


Message History

The ogre is lightly wounded.
The ogre hits you with a +0 giant spiked club!
* * * LOW HITPOINT WARNING * * *
It was a potion of lignification.
You turn into a tree.
Your +0 helmet melds into your body.
Your +0 plate armour melds into your body.
Your roots penetrate the ground.
You feel sick.
The ogre hits you with a +0 giant spiked club.
* * * LOW HITPOINT WARNING * * *
You hit the ogre.
The ogre is moderately wounded.
Your shield prevents you from hitting the ogre.
The ogre is moderately wounded.
The ogre hits you with a +0 giant spiked club.
* * * LOW HITPOINT WARNING * * *
It was a potion of agility.
You feel agile all of a sudden.
You feel sick.
The ogre hits you with a +0 giant spiked club!!
You die...

######## ########
#.$.O♣.# #..'..)#
#.8.#..# #..#[..#
#.%.#..# #..#..(#
#####..#..#..#####
#...)..#..#......#
#..)...#..#......#
#.)#####..#####..#
#.)....#..#......#
#......#..#...÷..#


You could see an ogre.

Vanquished Creatures
  A steam dragon (D:6)
  Edmund (D:5)
  A sky beast (D:5)
  An ice beast (D:5)
  An ogre (D:4)
  2 centaurs
  2 bullfrogs (D:6)
  2 scorpions
  A crimson imp (D:6)
  2 jellies
  8 orc priests
  A centaur skeleton (D:2)
  7 orc wizards
  Natasha (D:2)
  An iguana (D:6)
  5 worker ants
  A killer bee zombie (D:5)
  A hound skeleton (D:6)
  Robin (D:2)
  A gnoll (D:1)
  10 adders
  A shadow imp (D:5)
  An ooze (D:1)
  2 adder skeletons
  3 worms (D:2)
  5 dart slugs
  4 leopard geckos
  26 orcs
  5 bats
  4 giant cockroaches
  10 goblins
  8 hobgoblins
  A jackal (D:6)
  2 quokkas
  2 ball pythons
  6 frilled lizards
  11 kobolds
  A quokka skeleton (D:4)
  7 rats
150 creatures vanquished.

Notes
Turn   | Place    | Note
-------+----------+-------------------------------------------
     0 | D:1      | Delamore the Hill Orc Fighter began the quest for the Orb.
     0 | D:1      | Reached XP level 1. HP: 19/19 MP: 1/1
    66 | D:1      | Reached skill level 3 in Axes
    88 | D:1      | Reached XP level 2. HP: 25/26 MP: 2/2
   270 | D:1      | Reached skill level 4 in Axes
   475 | D:1      | Reached XP level 3. HP: 20/31 MP: 3/3
   755 | D:2      | Reached skill level 5 in Axes
   950 | D:2      | Noticed Natasha
   959 | D:2      | Killed Natasha
   959 | D:2      | Reached XP level 4. HP: 13/39 MP: 4/4
  1170 | D:2      | Noticed Robin
  1173 | D:2      | Reached skill level 6 in Axes
  1189 | D:2      | Killed Robin
  1271 | D:2      | Reached XP level 5. HP: 41/45 MP: 5/5
  1501 | D:2      | Reached skill level 7 in Axes
  2235 | D:3      | Reached skill level 8 in Axes
  2235 | D:3      | Reached XP level 6. HP: 40/51 MP: 6/6
  2543 | D:3      | Found a sacrificial altar of Ru.
  2544 | D:3      | Found a shattered altar of Ashenzari.
  2831 | D:4      | Found Oneukuo's Book Shoppe.
  2941 | D:4      | Reached skill level 9 in Axes
  3154 | D:4      | Reached XP level 7. HP: 52/57 MP: 7/7
  3171 | D:4      | Reached skill level 10 in Axes
  3559 | D:5      | Entered Level 5 of the Dungeon
  3601 | D:4      | HP: 2/57 [poisoned by a scorpion]
  4189 | D:5      | Reached skill level 11 in Axes
  4610 | D:5      | Noticed Edmund
  4622 | D:5      | Killed Edmund
  4622 | D:5      | Reached XP level 8. HP: 52/64 MP: 8/8
  4909 | D:5      | Reached skill level 12 in Axes
  5798 | D:6      | Reached skill level 13 in Axes
  6339 | D:6      | Reached XP level 9. HP: 27/70 MP: 9/9
  6595 | D:6      | Reached skill level 14 in Axes
  6687 | D:6      | Mangled by an ogre

Levels and vault maps discovered:
D:1:      roderic_crop_circles_arrival_small, layout_basic
D:2:      layout_basic, first_ration, uniq_natasha, uniq_robin
D:3:      layout_rooms, gammafunk_temple_overflow_statue
D:4:      layout_loops_ring, serial_shops, nicolae_shop_window_shopping
D:5:      layout_basic, uniq_edmund
D:6:      kennysheep_windowed_halls, layout_rooms,
          minmay_temple_entry_large_hall, uniq_pikel

Skill      XL: |  1  2  3  4  5  6  7  8  9 |
---------------+----------------------------+-----
Axes           | 3 4 5 6 8 9 11 13 14 | 14.5
Fighting       | |  3.6
Armour         | |  3.2
Shields        | |  3.2

Action                   |  1- 3 |  4- 6 |  7- 9 || total
-------------------------+-------+-------+-------++-------
Melee: War axe           |    78 |   202 |   236 ||   516
  Use: Scroll            |       |       |     8 ||     8
       Potion            |       |       |     2 ||     2
  Eat: Chunk             |       |     7 |    12 ||    19
Armor: Scale mail        |    24 |    89 |    66 ||   179
       Plate armour      |       |       |    25 ||    25
Dodge: Dodged            |    27 |    54 |    42 ||   123
Block: Shield            |    40 |    90 |    99 ||   229
